AoeStats
← Pepin_Pistolin

Arena

509232227Analyzed
2v2 RM · 5d ago on Sep 26, 2026· 60m 4s· 4 players
Game mode
Random Map
Map size
Medium (4 player)
Population
200
Speed
Normal
Resources
Standard
Victory
Conquest
Starting age
Dark Age
Ending age
Imperial Age
RankedLock teamsTeams togetherTeam positionsShared explorationLock speedFull tech treeHidden civsTurbo modeCheats
Victory
Defeat
🇦🇷 Spanish · Argentina
722
+19
🇩🇪 Celts · Germany
693
+20
🇪🇬 Franks · Egypt
812
-55
🇹🇷 Teutons · Türkiye
777
-39
Pepin_Pistolin
10:49 Feudal Age
11:52 Horse Collar
16:06 Castle Age
14:24 Double-Bit Axe
15:58 Loom
19:44 Bow Saw
25:16 Forging
32:45 Town Watch
33:37 Wheelbarrow
38:28 Iron Casting
37:54 Scale Mail Armor
37:46 Fletching
40:47 Ballistics
40:23 Murder Holes
44:31 Imperial Age
42:19 Hand Cart
42:05 Town Patrol
42:17 Bodkin Arrow
42:38 Pikeman
43:50 Arson
44:57 Chain Mail Armor
44:44 Halberdier
45:27 Heavy Scorpion
47:17 Chemistry
47:51 Blast Furnace
51:30 Capped Ram
52:24 Siege Ram
53:53 Plate Mail Armor
53:28 Padded Archer Armor
53:43 Fortified Wall
53:41 Caravan
54:14 Coinage
munileven
5:05 Loom
10:04 Feudal Age
16:43 Castle Age
18:35 Horse Collar
23:31 Heavy Plow
35:17 Scale Barding Armor
35:24 Forging
35:04 Fletching
40:18 Iron Casting
44:07 Imperial Age
41:26 Loom
41:27 Town Watch
41:56 Double-Bit Axe
43:27 Bow Saw
43:27 Gold Mining
43:27 Stone Mining
44:15 Coinage
45:16 Conscription
45:46 Onager
47:12 Wheelbarrow
46:38 Town Patrol
47:46 Chain Barding Armor
48:26 Blast Furnace
47:38 Husbandry
47:36 Bodkin Arrow
49:05 Elite Conquistador
52:53 Banking
53:06 Plate Barding Armor
53:32 Blast Furnace
52:33 Bracer
54:49 Supremacy
55:05 Hoardings
58:20 Chemistry
57:41 Ballistics
57:17 Murder Holes
57:35 Masonry
58:12 Hand Cart
MoeAlyy
12:22 Feudal Age
17:02 Double-Bit Axe
18:44 Stone Mining
18:46 Gold Mining
22:00 Castle Age
23:39 Wheelbarrow
25:04 Bow Saw
26:10 Gold Shaft Mining
26:03 Husbandry
28:08 Forging
29:59 Scale Barding Armor
30:36 Iron Casting
33:15 Hand Cart
34:05 Chain Barding Armor
33:37 Fletching
39:51 Imperial Age
37:23 Bodkin Arrow
37:50 Murder Holes
38:06 Masonry
41:00 Ballistics
41:16 Conscription
41:58 Blast Furnace
42:04 Cavalier
43:40 Town Watch
44:43 Plate Barding Armor
48:27 Chemistry
48:00 Architecture
49:16 Hoardings
51:14 Paladin
52:10 Siege Engineers
55:33 Chivalry
56:54 Town Patrol
King Salloum
11:01 Feudal Age
17:54 Castle Age
16:10 Double-Bit Axe
19:09 Horse Collar
28:11 Ballistics
29:39 Pikeman
30:20 Squires
33:53 Scale Barding Armor
50:11 Chain Barding Armor
49:52 Scale Mail Armor
50:03 Forging
49:44 Fletching
49:55 Padded Archer Armor
51:35 Wheelbarrow
54:54 Imperial Age
52:40 Hand Cart
52:46 Hand Cart
53:46 Chain Mail Armor
55:03 Elite Skirmisher
55:20 Cavalier
57:25 Bow Saw
57:30 Heavy Plow
57:22 Town Watch
57:17 Heavy Scorpion
60:09 Chemistry
58:55 Arrowslits
59:50 Plate Barding Armor
59:46 Plate Mail Armor
59:52 Iron Casting
59:12 Bodkin Arrow
Connection lost

Rejoining the realm…

Still unreachable

The connection could not be restored.

Session expired

The server has moved on; the page needs a fresh start.